 Dungeon Crawl Stone Soup version 0.28.0-53-g5a82cb258f (webtiles) character file.

Game seed: 4464541541554740595

11 Zeld the Gusty (level 2, -1/15 HPs)
             Began as a Tengu Air Elementalist on May 21, 2022.
             Slain by a jackal (2 damage)
             ... on level 1 of the Dungeon.
             The game lasted 00:00:27 (171 turns).

Zeld the Gusty (Tengu Air Elementalist)              Turns: 171, Time: 00:00:28

Health: -1/15      AC:  2    Str:  8    XL:     2   Next: 25%
Magic:  1/6        EV: 12    Int: 15    God:
Gold:   27         SH:  0    Dex: 14    Spells: 4/5 levels left

rFire   . . .      SeeInvis .   (no weapon)
rCold   . . .      Faith    .   (no shield)
rNeg    . . .      Spirit   .   a - +0 robe
rPois   .          Reflect  .   (helmet restricted)
rElec   .          Harm     .   (no cloak)
rCorr   .          Rampage  .   (no gloves)
Will    .....                   (boots unavailable)
Stlth   ++........              (no amulet)
HPRegen 0.05/turn               (no ring)
MPRegen 0.10/turn               (no ring)

@: no status effects
A: beak, talons 3
a: no special abilities


You were on level 1 of the Dungeon.
You visited 1 branch of the dungeon, and saw 1 of its levels.

You collected 27 gold pieces.

Inventory:

Armour
 a - a +0 robe (worn)
Potions
 b - a potion of curing {unknown}


   Skills:
 - Level 2.1 Dodging
 - Level 2.0 Stealth
 * Level 2.3 Spellcasting
 + Level 1.8 Conjurations
 * Level 4.3 Air Magic


You had 4 spell levels left.
You knew the following spells:

 Your Spells              Type           Power      Damage    Failure   Level
a - Shock                 Conj/Air       44%        1d5       6%          1

Your spell library contained the following spells:

 Spells                   Type           Power      Damage    Failure   Level
 Static Discharge         Conj/Air       11%        N/A       9%          2
 Swiftness                Air            14%        N/A       11%         3
 Airstrike                Air            7%         N/A       34%         4


Dungeon Overview and Level Annotations

Branches:
Dungeon (1/15)

Altars:


Innate Abilities, Weirdness & Mutations

You have a beak for a mouth.
You have claws for feet.


Message History

Confirm with . or Enter, or press ? or * to list all spells.
You don't have enough magic to cast this spell.
You closely miss the jackal.
The jackal is heavily wounded.
The jackal bites you but does no damage.
You hit the jackal but do no damage. You claw the jackal.
You peck the jackal, but do no damage.
The jackal is severely wounded.
The jackal bites you. The jackal barely misses you.
You hit the jackal but do no damage. You claw the jackal.
The jackal is almost dead.
The jackal bites you but does no damage.
You closely miss the jackal.
The jackal is almost dead.
The jackal barely misses you.
The jackal bites you but does no damage.
You hit the jackal but do no damage.
The jackal is almost dead.
The jackal misses you.
You hit the jackal.
You kill the jackal!
You hit the endoplasm. Your peck misses the endoplasm.
The endoplasm is severely wounded.
The endoplasm freezes you.
You are frozen.
* * * LOW HITPOINT WARNING * * *
Casting: Shock (safe; 6% risk of failure)
Confirm with . or Enter, or press ? or * to list all spells.
Aiming: Shock (safe; 6% risk of failure)
Press: ? - help, Shift-Dir - straight line The zap hits the endoplasm.
You kill the endoplasm!
The zap misses the jackal.
The zap hits the frilled lizard.
You kill the frilled lizard!
Unknown command.
Unknown command.
The jackal barely misses you. The jackal barely misses you.
The jackal bites you.
You die...

###.###.##..... ##(..##
.............## .### #
###.#...##### ##.# #####.#
#.##...## ##..# ##......
#..##.†.## ###..#####..# .#
##.##.#..####........†.##..# .
#.........##.##.#####.....##..
..............##.#####.###b....
.............†#@h....##h##...K..
....(..........b..........h)...b
.........................##.###.
....#.###.....#††........# #
...#. .....#............# ..
........####.....##.... .
....... ...........#.. #.
................
######.#####...#


You could see a jackal and a bat.

Vanquished Creatures
  2 endoplasms (D:1)
  2 hobgoblins (D:1)
  A jackal (D:1)
  A quokka (D:1)
  2 ball pythons (D:1)
  A frilled lizard (D:1)
  A goblin (D:1)
10 creatures vanquished.

Notes
Turn   | Place    | Note
-------+----------+-------------------------------------------
     0 | D:1      | Zeld the Tengu Air Elementalist began the quest for the
                  | Orb.
     0 | D:1      | Reached XP level 1. HP: 10/10 MP: 4/4
   143 | D:1      | Reached XP level 2. HP: 15/15 MP: 0/6
   171 | D:1      | Slain by a jackal

Illustrated notes

Levels and vault maps discovered:
D:1:      minmay_arrival_five_plusses, layout_rooms

Action                   || total
-------------------------++-------
Melee: Unarmed           ||    15
       Kick              ||     7
       Peck              ||     1
 Cast: Shock             ||    13
Armor: Robe              ||     4
Dodge: Dodged            ||    16
